 Dungeon Crawl Stone Soup version 0.30.1-4-g462c640d31 (webtiles) character file.

Game seed: 5081061760442567417

36 croobank the Gusty (level 3, 0/27 HPs)
             Began as an Armataur Air Elementalist on Aug 24, 2023.
             Was a Follower of the Shining One.
             Slain by Natasha (5 damage)
             ... on level 2 of the Dungeon.
             The game lasted 00:03:58 (1243 turns).

croobank the Gusty (Armataur Air Elementalist)      Turns: 1243, Time: 00:03:59

Health: 0/27       AC:  4    Str: 13    XL:     3   Next: 19%
Magic:  4/6        EV:  9    Int: 17    God:    the Shining One [*.....]
Gold:   93         SH:  0    Dex: 10    Spells: 5/6 levels left

rFire   . . .        c - +0 rapier
rCold   . . .        (no shield)
rNeg    . . .        a - +0 robe
rPois   .            (no helmet)
rElec   .            (no cloak)
rCorr   .            (no gloves)
SInv    .            (no barding)
Will    .....        (no amulet)
Stlth   +            (no ring)
HPRegen 0.24/turn    (no ring)
MPRegen 0.10/turn

%: roll
@: slowed, glowing, very slow
A: large, rugged brown scales 3, deformed body, armoured tail, roll, long
tongue, awkward tongue
a: Renounce Religion, Divine Shield


You were on level 2 of the Dungeon.
You worshipped the Shining One.
The Shining One was aware of your devotion.
You visited 1 branch of the dungeon, and saw 2 of its levels.

You collected 93 gold pieces.

Inventory:

Hand Weapons
 c - a +0 rapier (weapon)
 g - a +0 short sword
Armour
 a - a +0 robe (worn)
Magical Staves
 e - a staff of earth
Scrolls
 i - a scroll of poison {unknown}
Potions
 b - a potion of magic
 d - a potion of degeneration {unknown}
 f - a potion of mutation {unknown}
 h - 2 potions of lignification {unknown}
 j - a potion of heal wounds {unknown}
 k - a potion of curing {unknown}
 l - a potion of haste {unknown}


   Skills:
 + Level 1.6 Dodging
 + Level 2.6 Stealth
 + Level 2.0 Spellcasting
 + Level 1.3 Conjurations
 + Level 2.9 Air Magic
 + Level 0.9 Invocations


You had 5 spell levels left.
You knew the following spells:

 Your Spells              Type           Power      Damage    Failure   Level
a - Shock                 Conj/Air       36%        1d5       8%          1

Your spell library contained the following spells:

 Spells                   Type           Power      Damage    Failure   Level
 Static Discharge         Conj/Air       18%        2-3/arc   12%         2
 Swiftness                Air            11%        N/A       17%         3
 Airstrike                Air            5%         2d(1-17)  50%         4


Dungeon Overview and Level Annotations

Branches:
Dungeon (2/15)

Altars:
The Shining One

Annotations:
D:2 Natasha


Innate Abilities, Weirdness & Mutations

You are completely covered in rugged brown scales. (AC +3, +7% HP)
Armour fits poorly on your strangely shaped body.
You have a long armoured tail.
You roll when moving toward enemies. (Rampage)
Your long tongue fully drains potion bottles. (2x potion effects)
Your tongue gives you trouble enunciating. (1.5x scroll delay)


Message History

You hit the kobold.
You kill the kobold!
Natasha stares at you and mumbles some strange words.
The magic dart hits you.
Casting: Shock (safe; 8% risk of failure)
Confirm with . or Enter, or press ? or * to list all spells.
Aiming: Shock (safe; 8% risk of failure)
Press: ? - help, Shift-Dir - straight line, f - Natasha
Aim: Natasha (60% to hit)
The zap hits Natasha.
Natasha is lightly wounded.
The cerulean imp closely misses you. The dart slug barely misses you.
Natasha casts a spell at you.
You feel yourself slow down.
You roll towards Natasha!
Found a viscous purple potion.
The cerulean imp hits you from afar with a +0 spear.
Natasha barely misses you.
The cerulean imp hits you from afar with a +0 spear.
You puncture Natasha! You punch Natasha, but do no damage.
Natasha is severely wounded.
Natasha claws you. The cerulean imp barely misses you.
Natasha mumbles some strange words.
Natasha shimmers violently.
Natasha claws you!
* * * LOW HITPOINT WARNING * * *
The dart slug bites you but does no damage.
Casting: Shock (safe; 8% risk of failure)
Confirm with . or Enter, or press ? or * to list all spells.
Aiming: Shock (safe; 8% risk of failure)
Press: ? - help, Shift-Dir - straight line, f/p - Natasha
Aim: Natasha (severely wounded, haloed, 74% to hit)
The zap hits Natasha.
Natasha is severely wounded.
The cerulean imp barely misses you.
Natasha stares at you and mumbles some strange words.
You feel as though you will be slow longer.
The dart slug launches a dart at you.
The slug dart hits you but does no damage.
The cerulean imp barely misses you. Natasha claws you.
You die...

.....##.>......########
.....# #...........$....
.....###...#............
.......................!
.....#.#...>..?.........
..)<.#...#.....)........
.....##.................
######..........w.......
# #..##.#..5.@....... #
##.###.##....h......
#####..# #.###......#...
##....## #..........# ..
##.#.## #.###........
##...# .# .....#####
##..## ....### ....#
....# #####


You could see Natasha, a cerulean imp (summoned) and a dart slug.

Vanquished Creatures
  An adder (D:2)
  An endoplasm (D:1)
  2 giant cockroaches (D:1)
  3 goblins (D:1)
  6 hobgoblins (D:1)
  3 kobolds
  3 ball pythons (D:1)
  4 bats
  A frilled lizard (D:1)
  A rat (D:1)
25 creatures vanquished.

Notes
Turn   | Place    | Note
-------+----------+-------------------------------------------
     0 | D:1      | croobank the Armataur Air Elementalist began the quest for
                  | the Orb.
     0 | D:1      | Reached XP level 1. HP: 14/14 MP: 3/3
    12 | D:1      | Reached skill level 1 in Conjurations
   345 | D:1      | Found a faded altar of an unknown god.
   369 | D:1      | Prayed at the altar of an unknown god.
   369 | D:1      | Became a worshipper of the Shining One
   369 | D:1      | Reached * piety under the Shining One
   492 | D:1      | Reached XP level 2. HP: 21/21 MP: 4/4
  1160 | D:2      | Reached XP level 3. HP: 15/27 MP: 6/6
  1236 | D:2      | Noticed Natasha
  1243 | D:2      | Slain by Natasha

Illustrated notes

Levels and vault maps discovered:
D:1:      dpeg_arrival_morbid_curiosity, layout_basic,
          shapermc_ecumenical_altar_ellora, minmay_pentomino_v2
D:2:      layout_rooms, serial_shops, nicolae_shop_dealshenge, uniq_natasha,
          uniq_jessica

Skill      XL: |  1  2 |
---------------+-------+-----
Conjurations   | 1 |  1.3
Spellcasting   | 2 |  2.0
Dodging        | |  1.6
Stealth        | |  2.6
Air Magic      | |  2.9
Invocations    | |  0.9

Action                     || total
---------------------------++-------
  Melee: Rapier            ||    45
         Tailslap          ||     5
         Punch             ||     2
   Cast: Shock             ||    14
    Use: Scroll            ||     3
 Armour: Robe              ||    17
  Dodge: Dodged            ||    27
